 Dungeon Crawl Stone Soup version 0.25.1-2-g60ff931 (webtiles) character file.

Game seed: 1031050081644023174

65 KG007 the Skirmisher (level 3, 0/30 HPs)
             Began as a Demonspawn Abyssal Knight on Sept 7, 2020.
             Was a Follower of Lugonu.
             Slain by a worm (10 damage)
             ... on level 3 of the Dungeon.
             The game lasted 00:14:16 (1983 turns).

KG007 the Skirmisher (Demonspawn Abyssal Knight)    Turns: 1983, Time: 00:14:17

Health: 0/30       AC:  5    Str: 13    XL:     3   Next: 94%
Magic:  5/5        EV: 10    Int: 13    God:    Lugonu [*.....]
Gold:   93         SH:  0    Dex: 12    Spells: 2/2 levels left

rFire    . . .     SeeInvis .   a - +1 mace
rCold    . . .     Gourm    .   (no shield)
rNeg     . . .     Faith    .   g - +0 ring mail
rPois    .         Spirit   .   (helmet restricted)
rElec    .         Reflect  .   (no cloak)
rCorr    .         Harm     .   (no gloves)
MR       .....                  (no boots)
Stlth    +.........             (no amulet)
HPRegen  0.10/turn              (no ring)
MPRegen  0.09/turn              (no ring)

@: no status effects
A: horns 1
a: Depart the Abyss, Renounce Religion


You were on level 3 of the Dungeon.
You worshipped Lugonu.
Lugonu was aware of your devotion.
You were not hungry.

You visited 1 branch of the dungeon, and saw 3 of its levels.
You visited the Abyss 1 time.

You collected 93 gold pieces.

Inventory:

Hand Weapons
 a - a +1 mace (weapon)
Armour
 g - a +0 ring mail (worn)
 l - a +1 ring mail of poison resistance
Scrolls
 d - a scroll of magic mapping {unknown}
 e - 3 scrolls of remove curse {unknown}
 f - a scroll of blinking {unknown}
 i - 2 scrolls of amnesia {unknown}
 j - a scroll of identify {unknown}
 k - a scroll of noise {unknown}
Potions
 b - a potion of cancellation {unknown}
 m - a potion of curing {unknown}
Comestibles
 c - 2 rations
 h - 2 chunks of flesh


   Skills:
 + Level 4.0 Fighting
 + Level 2.5 Maces & Flails
 - Level 1.7 Armour
 - Level 1.0 Dodging
 + Level 0.4 Stealth
 + Level 3.0 Invocations


You had 2 spell levels left.
You didn't know any spells.
Your spell library was empty.

Dungeon Overview and Level Annotations

Branches:
Dungeon (3/15)

Altars:


Innate Abilities, Weirdness & Mutations

You have a pair of small horns on your head.


Message History

The worm is severely wounded.
The bat hits you but does no damage. x2
The kobold hits you but does no damage. The bat hits you but does no damage.
The worm barely misses you. The kobold misses you.
You barely miss the worm.
The worm is severely wounded.
The bat hits you but does no damage.
The kobold hits you with a +0 short sword.
* * * LOW HITPOINT WARNING * * *
The worm misses you.
You can't go up here!
The kobold hits you but does no damage.
You climb downwards.
There is a stone staircase leading up here.
You see here a bat corpse.
You barely miss the kobold. You headbutt the kobold.
You kill the kobold!
Lugonu accepts your kill. The worm bites you!
You die...

..# #># # #.# .# #.#
#.#. #######.# #.#.
........## #.#.
##.###...## #.#) #.
#††w..# #.#.
#..##.@...## #.#.
#.....)....#########.#.
#.#..................).
##.......#...........
#......##.#######.##
#.#...###.# #.##
#<##.## #.# #... #. ###
#.# #### #.#


You could see a worm.

Vanquished Creatures
  A gnoll (D:1)
  An ooze (D:2)
  2 worms (D:2)
  2 dart slugs
  2 leopard geckos
  An orc (D:3)
  4 bats
  2 giant cockroaches
  4 goblins
  A hobgoblin (D:2)
  3 jackals (D:1)
  7 kobolds
  2 frilled lizards
  4 rats
36 creatures vanquished.

Notes
Turn   | Place    | Note
-------+----------+-------------------------------------------
     0 | Abyss:1  | KG007 the Demonspawn Abyssal Knight began the quest for the
                  | Orb.
     0 | Abyss:1  | Reached XP level 1. HP: 18/18 MP: 2/2
    69 | Abyss:2  | Noticed a smoke demon
    71 | D:1      | Escaped the Abyss
   284 | D:1      | Reached skill level 1 in Dodging
   347 | D:1      | Gained mutation: You have a pair of small horns on your
                  | head. [demonic ancestry]
   347 | D:1      | Reached XP level 2. HP: 20/24 MP: 4/4
   446 | D:1      | Reached * piety under Lugonu
  1036 | D:1      | Reached XP level 3. HP: 26/30 MP: 5/5
  1588 | D:2      | Reached skill level 4 in Fighting
  1793 | D:2      | You fall into a shaft and drop 1 floor!
  1983 | D:3      | Slain by a worm

Illustrated notes

Levels and vault maps discovered:
D:1:      arrival_zaba_pyramid, layout_loops_corners
D:2:      layout_rooms, eat_drink_and_be_merry_uskayaw, minmay_pentomino_v2
D:3:      layout_loops_ring

Skill      XL: |  1  2  3 |
---------------+----------+-----
Dodging        | 1 |  1.0
Invocations    | 3 |  3.0
Maces & Flails | 2 |  2.5
Fighting       | 4 |  4.0
Armour         | |  1.7
Stealth        | |  0.4

Action                   || total
-------------------------++-------
Melee: Mace              ||    86
       Headbutt          ||    10
Invok: Depart the Abyss  ||     1
  Eat: Ration            ||     1
Armor: Leather armour    ||     6
       Ring mail         ||    48
Dodge: Dodged            ||    89
